 Dungeon Crawl Stone Soup version 0.23.0 (webtiles) character file.

Game seed: 17988059048008015668

5747 Laan the Cleaver (level 10, 0/91 HPs)
             Began as a Minotaur Fighter on Feb 19, 2019.
             Was an Elder of Okawaru.
             Slain by a white ugly thing (8 damage)
             ... on level 9 of the Dungeon.
             The game lasted 00:11:15 (8123 turns).

Laan the Cleaver (Minotaur Fighter)                 Turns: 8123, Time: 00:11:16

Health: 0/91       AC: 15    Str: 25    XL:     10   Next: 49%
Magic:  9/9        EV:  6    Int:  5    God:    Okawaru [****..]
Gold:   344        SH: 12    Dex:  9    Spells: 9/9 levels left

rFire    . . .     SeeInvis +   t - +4 hand axe
rCold    . . .     Gourm    .   c - +0 shield
rNeg     . . .     Faith    .   A - +0 plate armour (curse)
rPois    .         Spirit   .   (helmet restricted)
rElec    .         Reflect  .   B - scarf {repulsion}
rCorr    .         Harm     .   (no gloves)
MR       .....                  p - +0 pair of boots
Stlth    ..........             (no amulet)
HPRegen  0.25/turn              D - ring of see invisible
MPRegen  0.11/turn              (no ring)

@: repel missiles
A: retaliatory headbutt, horns 2
a: Heroism, Renounce Religion


You were on level 9 of the Dungeon.
You worshipped Okawaru.
Okawaru was greatly pleased with you.
You were hungry.

You visited 2 branches of the dungeon, and saw 10 of its levels.

You collected 458 gold pieces.
You spent 114 gold pieces at shops.

Inventory:

Hand Weapons
 a - a +0 war axe
 t - a +4 hand axe (weapon)
 G - a +0 morningstar
Missiles
 m - 15 tomahawks (quivered)
Armour
 c - a +0 shield (worn)
 p - a +0 pair of boots (worn)
 A - a cursed +0 plate armour (worn)
 B - a scarf of repulsion (worn)
Jewellery
 D - a ring of see invisible (left hand)
 K - an uncursed amulet of rage {unknown}
Wands
 b - a wand of flame (10)
 v - a wand of random effects (32)
 x - a wand of clouds (3)
 y - a wand of iceblast (20)
 J - a wand of digging (4)
Scrolls
 d - a scroll of noise {unknown}
 e - a scroll of amnesia {unknown}
 h - 2 scrolls of enchant armour {unknown}
 j - 6 scrolls of remove curse
 n - 3 scrolls of random uselessness {unknown}
 q - 3 scrolls of fear {unknown}
 u - 8 scrolls of identify
 w - 5 scrolls of teleportation
 z - 2 scrolls of enchant weapon
 F - a scroll of silence {unknown}
 I - a scroll of fog {unknown}
Potions
 g - a potion of haste {unknown}
 i - a potion of agility {unknown}
 k - a potion of mutation {unknown}
 l - a potion of berserk rage {unknown}
 o - 5 potions of heal wounds {unknown}
 r - a potion of cancellation {unknown}
 s - 2 potions of lignification {unknown}
 C - a potion of flight {unknown}
 E - 2 potions of curing
 H - a potion of invisibility {unknown}
 L - a potion of magic {unknown}
Comestibles
 f - 16 rations
 M - 18 chunks of flesh


   Skills:
 + Level 9.2 Fighting
 * Level 11.9 Axes
 + Level 9.2 Armour
 + Level 9.3 Shields


You had 9 spell levels left.
You didn't know any spells.
Your spell library contained the following spells:

 Spells                   Type           Power        Failure   Level  Hunger
 Magic Dart               Conj           #...         100%        1    ##.....
 Blink                    Tloc           N/A          100%        2    ###....
 Call Imp                 Summ           #.......     100%        2    ###....
 Slow                     Hex            #.......     100%        2    ###....
 Conjure Flame            Conj/Fire      #.......     100%        3    ####...
 Mephitic Cloud           Conj/Pois/Air  #.......     100%        3    ####...


Dungeon Overview and Level Annotations

Branches:
Dungeon (9/15)             Temple (1/1) D:4
   Lair: D:8-11         Orc: D:9-12

Altars:
Dithmenos
Fedhas
Hepliaklqana
Makhleb
Okawaru

Shops:
D:5 *[


Innate Abilities, Weirdness & Mutations

You reflexively headbutt those who attack you in melee.
You have a pair of horns on your head.


Message History

You closely miss the white ugly thing.
The white ugly thing is moderately wounded.
The white ugly thing kicks you. The white ugly thing freezes you!!
You hit the white ugly thing.
The white ugly thing is moderately wounded.
The white ugly thing kicks you. The white ugly thing freezes you!!
You are too injured to fight recklessly!
You are too injured to fight recklessly!
You are too injured to fight recklessly!
You are too injured to fight recklessly!
You are feeling hungry.
There is a large open door here.
You block the white ugly thing's attack.
The white ugly thing completely misses you.
The white ugly thing kicks you! The white ugly thing freezes you!!
* * * LOW HITPOINT WARNING * * *
Some of the chunks of flesh in your inventory have rotted away.
There is a stone staircase leading up here.
The white ugly thing kicks you!
You die...

#################.#.....
#.............###### .
#..................# .. .
##...######.........# #.. ##.##
.##..<'....#.........#
#..##.#.##..##...#....#..........
[[......#..##...#....#...#####..
.....#...##..u#....#...#...#
#....#..##..@#....#...#...#
#..##..##...#..(.#...#...#
#..##..##...#....#...#...#
#..#...##...#....#...'...# . #.#
#...#..##...#....#...#####>.
#.###..#...##...###+##..........
#...+..##..'....................
+...+..##..'...).####...........
#..##...รท..##....# #...........


You could see a white ugly thing.

Vanquished Creatures
  Erica (D:9)
  A troll (D:9)
  Grinder (D:3)
  3 hippogriffs
  Sigmund (D:4)
  2 hungry ghosts (D:9)
  Edmund (D:4)
  An orc warrior (D:7)
  Duvessa (D:4)
  4 sky beasts
  A black bear (D:9)
  An ogre (D:9)
  A phantom (D:5)
  An eye of draining (D:8)
  3 centaurs
  A big kobold (D:9)
  3 bullfrogs
  A wyvern zombie (D:7)
  Dowan (D:4)
  5 scorpions
  7 killer bees
  5 howler monkeys
  A centaur zombie (D:7)
  5 crimson imps
  5 jellies
  A centaur skeleton (D:7)
  4 hounds
  A bullfrog zombie (D:5)
  5 orc priests
  9 orc wizards
  2 iguanas
  6 worker ants
  4 hound skeletons
  3 gnolls (D:6)
  6 adders
  4 river rats (D:5)
  A white imp (D:4)
  7 oozes
  An adder zombie (D:6)
  4 worms
  3 dart slugs (D:1)
  3 leopard geckos
  30 orcs
  5 giant cockroaches
  5 goblins
  2 hobgoblins (D:2)
  3 jackals (D:2)
  4 quokkas
  12 bats
  3 frilled lizards
  16 kobolds
  13 rats
214 creatures vanquished.

Vanquished Creatures (others)
  An orc wizard (D:8)
1 creature vanquished.

Grand Total: 215 creatures vanquished

Notes
Turn   | Place    | Note
-------+----------+-------------------------------------------
     0 | D:1      | Laan the Minotaur Fighter began the quest for the Orb.
     0 | D:1      | Reached XP level 1. HP: 19/19 MP: 0/0
   285 | D:1      | Reached XP level 2. HP: 26/27 MP: 1/1
   395 | D:1      | Reached skill level 3 in Axes
   691 | D:2      | Reached XP level 3. HP: 28/33 MP: 2/2
   988 | D:2      | Found a hazy altar of Hepliaklqana.
  1409 | D:3      | Reached skill level 4 in Axes
  1409 | D:3      | Reached XP level 4. HP: 40/40 MP: 3/3
  1664 | D:3      | Noticed Grinder
  1669 | D:3      | Paralysed by Grinder for 2 turns
  1672 | D:3      | Killed Grinder
  1672 | D:3      | Reached skill level 5 in Axes
  1672 | D:3      | Reached skill level 5 in Shields
  1672 | D:3      | Reached XP level 5. HP: 4/47 MP: 4/4
  1672 | D:3      | Reached XP level 6. HP: 5/55 MP: 5/5
  2296 | D:4      | Reached skill level 5 in Fighting
  2296 | D:4      | Reached skill level 5 in Armour
  2721 | D:4      | Noticed Edmund
  2738 | D:4      | Killed Edmund
  2738 | D:4      | Reached skill level 6 in Axes
  2738 | D:4      | Reached XP level 7. HP: 40/61 MP: 6/6
  2789 | D:4      | Noticed Sigmund
  2802 | D:4      | Killed Sigmund
  3124 | D:4      | Reached skill level 7 in Axes
  3248 | D:4      | Found a staircase to the Ecumenical Temple.
  3253 | Temple   | Entered the Ecumenical Temple
  3259 | Temple   | Became a worshipper of Warmaster Okawaru
  3342 | D:4      | Noticed Duvessa
  3343 | D:4      | Noticed Dowan
  3356 | D:4      | Killed Dowan
  3356 | D:4      | Reached XP level 8. HP: 62/70 MP: 7/7
  3362 | D:4      | Killed Duvessa
  3765 | D:5      | Entered Level 5 of the Dungeon
  3873 | D:5      | Reached skill level 8 in Axes
  3878 | D:5      | Reached * piety under Okawaru
  3981 | D:5      | Found Eshreh's General Store.
  3988 | D:5      | Bought a scroll of identify for 24 gold pieces
  3988 | D:5      | Bought a scroll of enchant weapon for 90 gold pieces
  4092 | D:5      | Found Aliyck's Armour Shoppe.
  4672 | D:6      | Reached skill level 9 in Axes
  5233 | D:7      | Reached XP level 9. HP: 77/79 MP: 8/8
  5315 | D:7      | Reached ** piety under Okawaru
  5701 | D:7      | Reached skill level 10 in Axes
  7189 | D:9      | Reached skill level 11 in Axes
  7192 | D:9      | Noticed a troll
  7195 | D:9      | Reached *** piety under Okawaru
  7195 | D:9      | Reached XP level 10. HP: 89/90 MP: 9/9
  7545 | D:9      | Noticed Erica
  7559 | D:9      | Killed Erica
  7896 | D:9      | Reached **** piety under Okawaru
  8074 | D:9      | Noticed a white ugly thing
  8123 | D:9      | Slain by a white ugly thing

Skill      XL: |  1  2  3  4  5  6  7  8  9 10 |
---------------+-------------------------------+-----
Axes           | 3 4 5 6 7 9 11 | 11.9
Shields        | 4 5 6 7 8 9 |  9.3
Fighting       | 4 5 6 7 8 9 |  9.2
Armour         | 4 5 6 7 8 9 |  9.2

Action                   |  1- 3 |  4- 6 |  7- 9 | 10-12 || total
-------------------------+-------+-------+-------+-------++-------
Melee: War axe           |   123 |     2 |       |       ||   125
       Headbutt          |    15 |    15 |    67 |    22 ||   119
       Hand axe          |       |    81 |   408 |    96 ||   585
Throw: Tomahawk          |       |     3 |     2 |       ||     5
Evoke: Wand              |       |       |       |     5 ||     5
  Use: Potion            |       |     1 |       |       ||     1
       Scroll            |       |       |     2 |       ||     2
 Stab: Distracted        |       |       |       |     1 ||     1
  Eat: Chunk             |     2 |     4 |    11 |     3 ||    20
       Ration            |       |       |     2 |       ||     2
Armor: Scale mail        |    57 |    33 |     1 |       ||    91
       Chain mail        |       |       |    87 |       ||    87
       Plate armour      |       |       |    63 |    33 ||    96
Dodge: Dodged            |    47 |    12 |    69 |    16 ||   144
       Deflected         |       |       |     8 |     1 ||     9
Block: Shield            |    62 |    29 |   206 |    45 ||   342
